 Dungeon Crawl Stone Soup version 0.31-a0-331-geda263fcf1 (webtiles) character file.

Game seed: 5064265101043528181

154 cforsyth the Digger (level 5, 0/35 HPs)
             Began as a Vampire Earth Elementalist on July 20, 2023.
             Slain by a phantom (4 damage)
             ... on level 4 of the Dungeon.
             The game lasted 00:02:23 (2383 turns).

cforsyth the Digger (Vampire Earth Elementalist)    Turns: 2383, Time: 00:02:24

Health: 0/35       AC:  4    Str:  7    XL:     5   Next: 13%
Magic:  4/9        EV: 12    Int: 19    God:
Gold:   115        SH:  0    Dex: 15    Spells: 9/10 levels left

rFire   . . .        (no weapon)
rCold   . . .        (no shield)
rNeg    . . .        a - +0 robe
rPois   .            p - +0 helmet
rElec   .            m - +0 cloak
rCorr   .            (no gloves)
SInv    +            (no boots)
Will    .....        (no amulet)
Stlth   ++           (no ring)
HPRegen 0.45/turn    (no ring)
MPRegen 0.11/turn

%: no passive effects
@: attractive, healing quickly
A: alive, fangs 3, see invisible, vampiric 2
a: Exsanguinate


You were on level 4 of the Dungeon.
You visited 1 branch of the dungeon, and saw 4 of its levels.

You collected 115 gold pieces.

Inventory:

Armour
 a - a +0 robe (worn)
 m - a +0 cloak (worn)
 p - a +0 helmet (worn)
Wands
 q - a wand of acid (9)
Scrolls
 c - 2 scrolls of amnesia {unknown}
 d - 2 scrolls of fog {unknown}
 f - 3 scrolls of teleportation {unknown}
 g - a scroll of enchant armour {unknown}
 k - 2 scrolls of vulnerability {unknown}
 l - a scroll of poison {unknown}
 n - 2 scrolls of identify {unknown}
 o - a scroll of acquirement {unknown}
Potions
 b - a potion of magic
 e - 3 potions of attraction
 h - a potion of curing
 i - 2 potions of enlightenment {unknown}
 j - a potion of heal wounds {unknown}
 r - a potion of cancellation {unknown}


   Skills:
 - Level 2.1 Dodging
 - Level 3.0 Stealth
 + Level 3.2 Spellcasting
 + Level 3.2 Transmutations
 + Level 4.1 Earth Magic


You had 9 spell levels left.
You knew the following spells:

 Your Spells              Type           Power      Damage    Failure   Level
a - Sandblast             Erth           36%        2d10      2%          1

Your spell library contained the following spells:

 Spells                   Type           Power      Damage    Failure   Level
 Passwall                 Tmut/Erth      14%        N/A       4%          2
 Stone Arrow              Conj/Erth      22%        3d8       19%         3
 Lesser Beckoning         Tloc           6%         N/A       22%         2
 Petrify                  Tmut/Erth      17%        N/A       32%         4
 Gell's Gravitas          Tloc           3%         N/A       41%         3
 Teleport Other           Tloc           3%         N/A       41%         3


Dungeon Overview and Level Annotations

Branches:
Dungeon (4/15)
 Temple: D:4-7

Altars:
Wu Jian


Innate Abilities, Weirdness & Mutations

Your natural rate of healing is accelerated.
You have razor-sharp teeth.
You have supernaturally acute eyesight. (SInv)
You are afflicted with vampirism and can become a bat while bloodless.


Message History

A scorpion is nearby!
A scorpion is nearby!
A phantom comes into view.
Found a stone staircase leading down.
The blast of sand hits the scorpion!
The scorpion is severely wounded.
The blast of sand hits the scorpion but does no damage.
The scorpion is severely wounded.
The scorpion stings you but does no damage.
The blast of sand hits the scorpion but does no damage.
The scorpion is severely wounded.
The scorpion stings you.
You are poisoned.
The scorpion poisons you! The scorpion misses you.
The blast of sand misses the scorpion.
You feel very sick. The scorpion closely misses you. The scorpion stings you.
The blast of sand hits the scorpion but does no damage.
The scorpion is severely wounded.
You feel sick. The scorpion stings you. The scorpion completely misses you.
The blast of sand hits the scorpion but does no damage.
The scorpion is heavily wounded.
You feel sick. The scorpion stings you.
You are more poisoned.
The scorpion poisons you!
You feel very sick. The scorpion barely misses you. The scorpion misses you.
* * * LOW HITPOINT WARNING * * *
You feel very sick.
* * * LOW HITPOINT WARNING * * *
You feel sick.
It was a potion of attraction.
You feel attractive to monsters.
* * * LOW HITPOINT WARNING * * *
You feel sick. The scorpion closely misses you.
The phantom is attracted toward you.
It was a potion of curing.
You feel better. The scorpion stings you.
* * * LOW HITPOINT WARNING * * *
The phantom hits you.
You die...

.#.... ## ......###.# #
...##........##. .
...#........... ..
..#.........# # ...
#.........## ..# ....
#..........# #....
.....#.......#.##......
........##@..#.<....#
..###...sW(.##.....#
#.......ยง..........#
#...........##........
.......##[.............
.#..... ..........##...
##...>.!.......... ...
#..........##..##. ..
...##.......# .##


You could see a phantom and a scorpion.

Vanquished Creatures
  A jelly (D:3)
  9 adders
  2 worms (D:3)
  4 ball pythons
  2 endoplasms (D:3)
  3 giant cockroaches
  2 goblins
  5 hobgoblins (D:3)
  2 jackals (D:3)
  4 kobolds
  3 bats
  A frilled lizard (D:3)
  3 rats
41 creatures vanquished.

Notes
Turn   | Place    | Note
-------+----------+-------------------------------------------
     0 | D:1      | cforsyth the Vampire Earth Elementalist began the quest for
                  | the Orb.
     0 | D:1      | Reached XP level 1. HP: 13/13 MP: 3/3
   687 | D:1      | Found a faded altar of an unknown god.
   695 | D:1      | Reached XP level 2. HP: 18/19 MP: 5/5
   849 | D:2      | Gained mutation: You are afflicted with vampirism and can
                  | become a bat while bloodless. [Vampire growth]
   849 | D:2      | Reached XP level 3. HP: 23/24 MP: 4/6
  1684 | D:3      | Reached XP level 4. HP: 30/30 MP: 6/8
  1974 | D:3      | Found an ornate altar of the Wu Jian Council.
  2176 | D:3      | Reached skill level 4 in Earth Magic
  2178 | D:3      | Reached XP level 5. HP: 35/35 MP: 3/9
  2372 | D:4      | Noticed a phantom
  2383 | D:4      | Slain by a phantom

Illustrated notes

Levels and vault maps discovered:
D:1:      dpeg_arrival_rooms_a, layout_loops_ring,
          dreamdust_ecumenical_altar_statues
D:2:      layout_rooms
D:3:      layout_loops_cross, mainiacjoe_overflow_brackets, minmay_quantized
D:4:      layout_cave_pools, tgw_sif, uniq_robin, uniq_ijyb, uniq_menkaure

Skill      XL: |  1  2  3  4 |
---------------+-------------+-----
Transmutations | 2 3 |  3.2
Spellcasting   | 3 |  3.2
Earth Magic    | 4 |  4.1
Dodging        | |  2.1
Stealth        | |  3.0

Action                     |  1- 3 |  4- 6 || total
---------------------------+-------+-------++-------
  Melee: Unarmed           |    55 |       ||    55
         Bite              |     4 |       ||     4
         Punch             |     2 |       ||     2
   Cast: Sandblast         |    28 |    35 ||    63
    Use: Potion            |       |     2 ||     2
   Stab: Sleeping          |     3 |       ||     3
 Armour: Robe              |    12 |     5 ||    17
  Dodge: Dodged            |    34 |     8 ||    42

Table legend: (Time is in decaauts)
 A = Elapsed time spent in this place.
 B = Non-inter-level travel time spent in this place.
 C = Inter-level travel time spent in this place.
 D = Time resting spent in this place.
 E = Time spent auto-exploring this place.
 F = Levels seen in this place.
 G = Mean time per level.
                   A        B        C        D        E       F      G
               +--------+--------+--------+--------+--------+-----+--------+
         Total |   2414 |   2277 |    137 |      0 |   1937 |   4 |  603.5 |
       Dungeon |   2414 |   2277 |    137 |      0 |   1937 |   4 |  603.5 |
               +--------+--------+--------+--------+--------+-----+--------+

Top non-repeatable levels by time:
     D:3: 1030 daAuts
     D:1: 800 daAuts
     D:2: 539 daAuts
     D:4: 43 daAuts
